 Dungeon Crawl Stone Soup version 0.31-a0-271-gb88eb75 (webtiles) character file.

Game seed: 2297234549396840181

44 Dawnplanks the Sneak (level 3, -4/22 HPs)
             Began as a Kobold Brigand on July 14, 2023.
             Slain by Sigmund
             ... wielding a +0 scythe
              (8 damage)
             ... on level 2 of the Dungeon.
             The game lasted 00:01:55 (707 turns).

Dawnplanks the Sneak (Kobold Brigand)                Turns: 707, Time: 00:01:56

Health: -4/22      AC:  3    Str:  8    XL:     3   Next: 87%
Magic:  3/3        EV: 14    Int: 12    God:
Gold:   42         SH:  0    Dex: 18    Spells: 2/2 levels left

rFire   . . .        a - +2 dagger
rCold   . . .        (no shield)
rNeg    . . .        b - +0 robe
rPois   .            (no helmet)
rElec   .            c - +0 cloak
rCorr   .            (no gloves)
SInv    .            (no boots)
Will    .....        (no amulet)
Stlth   ++++         (no ring)
HPRegen 0.23/turn    (no ring)
MPRegen 0.08/turn

%: no passive effects
@: no status effects
A: small, no large weapons, nightstalker 3
a: no special abilities


You were on level 2 of the Dungeon.
You visited 1 branch of the dungeon, and saw 2 of its levels.

You collected 42 gold pieces.

Inventory:

Hand Weapons
 a - a +2 dagger (weapon)
Missiles
 d - 14 poisoned darts
Armour
 b - a +0 robe (worn)
 c - a +0 cloak (worn)
 j - a +0 buckler
Scrolls
 h - a scroll of fog {unknown}
 i - a scroll of enchant armour {unknown}
 k - a scroll of revelation {unknown}
 l - 2 scrolls of identify {unknown}
 m - a scroll of amnesia {unknown}
Potions
 f - a potion of magic {unknown}
 g - a potion of curing {unknown}


   Skills:
 + Level 2.4 Fighting
 + Level 3.5 Short Blades
 + Level 2.3 Throwing
 + Level 1.6 Dodging
 + Level 6.3 Stealth


You had 2 spell levels left.
You didn't know any spells.
Your spell library contained the following spells:

 Spells                   Type           Power      Damage    Failure   Level
 Apportation              Tloc           0%         N/A       32%         1
 Necrotise                Necr           0%         1d4       32%         1
 Summon Small Mammal      Summ           0%         N/A       32%         1


Dungeon Overview and Level Annotations

Branches:
Dungeon (2/15)

Altars:

Annotations:
D:2 Sigmund


Innate Abilities, Weirdness & Mutations

You are small and have problems with some larger weapons.
You are completely attuned to the shadows.


Message History

Sigmund closely misses you.
You barely miss Sigmund. You hit Sigmund but do no damage. Sigmund misses you.
You closely miss Sigmund.
Sigmund screams, "Only death can liberate you!"
Sigmund misses you.
You barely miss Sigmund. You punch Sigmund, but do no damage. You hit Sigmund.
Sigmund is lightly wounded.
Sigmund barely misses you.
You hit Sigmund.
Sigmund is moderately wounded.
You hit Sigmund.
Sigmund is moderately wounded.
Sigmund barely misses you.
You closely miss Sigmund.
Sigmund is moderately wounded.
You hit Sigmund.
Sigmund is heavily wounded.
Sigmund screams, "I am the angel of ZOT!!!"
Sigmund points at you and mumbles some strange words.
The puff of flame misses you.
You hit Sigmund.
Sigmund is heavily wounded.
Sigmund hits you with a +0 scythe.
* * * LOW HITPOINT WARNING * * *
You hit Sigmund.
Sigmund is severely wounded.
You closely miss Sigmund.
Sigmund is severely wounded.
Sigmund points at you and mumbles some strange words.
You resist with significant effort.
You hit Sigmund.
Sigmund is almost dead.
Sigmund casts a spell at you. You resist with significant effort.
You hit Sigmund.
Sigmund is almost dead.
Sigmund hits you with a +0 scythe!
You die...

.......#
.......#
.......#
..######
..## #
...# )#
.#.###
###.##
.....#
#@....
##.#.# #@#
##...# #.#
....>#
########.#
######
#........#
#.########
#.##....#
....#
#.##.##.#
....#
#.......#
....#
#..#.#..#


You could see Sigmund.

Vanquished Creatures
  An adder (D:2)
  A dart slug (D:1)
  4 ball pythons
  2 bats (D:1)
  5 endoplasms (D:1)
  3 giant cockroaches (D:1)
  A goblin (D:1)
  2 hobgoblins (D:1)
  5 kobolds (D:1)
  A quokka (D:1)
  A frilled lizard (D:1)
  4 rats (D:1)
30 creatures vanquished.

Notes
Turn   | Place    | Note
-------+----------+-------------------------------------------
     0 | D:1      | Dawnplanks the Kobold Brigand began the quest for the Orb.
     0 | D:1      | Reached XP level 1. HP: 12/12 MP: 1/1
    49 | D:1      | Reached XP level 2. HP: 17/17 MP: 2/2
   165 | D:1      | Reached skill level 6 in Stealth
   192 | D:1      | Reached XP level 3. HP: 21/21 MP: 3/3
   681 | D:2      | Noticed Sigmund
   707 | D:2      | Slain by Sigmund

Illustrated notes

Levels and vault maps discovered:
D:1:      minmay_arrival_diagonal_passages, layout_rooms
D:2:      layout_basic, minmay_misc_feat_enclosed, minmay_pentomino_z4,
          uniq_sigmund, uniq_natasha, uniq_terence

Skill      XL: |  1  2 |
---------------+-------+-----
Short Blades   | 3 |  3.5
Stealth        | 6 |  6.3
Fighting       | |  2.4
Throwing       | |  2.3
Dodging        | |  1.6

Action                     || total
---------------------------++-------
  Melee: Dagger            ||    83
         Punch             ||     2
  Throw: Dart              ||     3
   Stab: Sleeping          ||    16
 Armour: Robe              ||    11
  Dodge: Dodged            ||    38

Table legend: (Time is in decaauts)
 A = Elapsed time spent in this place.
 B = Non-inter-level travel time spent in this place.
 C = Inter-level travel time spent in this place.
 D = Time resting spent in this place.
 E = Time spent auto-exploring this place.
 F = Levels seen in this place.
 G = Mean time per level.
                   A        B        C        D        E       F      G
               +--------+--------+--------+--------+--------+-----+--------+
         Total |    693 |    682 |     11 |      0 |    511 |   2 |  346.5 |
       Dungeon |    693 |    682 |     11 |      0 |    511 |   2 |  346.5 |
               +--------+--------+--------+--------+--------+-----+--------+

Top non-repeatable levels by time:
     D:1: 528 daAuts
     D:2: 164 daAuts
